 Dungeon Crawl Stone Soup version 0.30-a0-777-ga9a30cbeda (webtiles) character file.

Game seed: 8875606950634814447

18 Mickster the Charlatan (level 2, -2/20 HPs)
             Began as a Demigod Wanderer on Feb 13, 2023.
             Slain by a jackal (3 damage)
             ... on level 1 of the Dungeon.
             The game lasted 00:04:52 (463 turns).

Mickster the Charlatan (Demigod Wanderer)            Turns: 463, Time: 00:04:53

Health: -2/20      AC:  2    Str: 13    XL:     2   Next: 36%
Magic:  4/4        EV: 11    Int: 13    God:
Gold:   0          SH:  0    Dex: 14    Spells: 1/1 levels left

rFire   . . .      SeeInvis .    g - +0 club
rCold   . . .      Faith    .    (no shield)
rNeg    . . .      Spirit   .    f - +0 robe
rPois   .          Reflect  .    (no helmet)
rElec   .          Harm     .    (no cloak)
rCorr   .          Rampage  .    (no gloves)
Will    .....                    (no boots)
Stlth   ++                       (no amulet)
HPRegen 0.23/turn                (no ring)
MPRegen 0.09/turn                (no ring)

@: no status effects
A: high MP 1, forlorn, divine attributes
a: no special abilities


You were on level 1 of the Dungeon.
You visited 1 branch of the dungeon, and saw 1 of its levels.

Inventory:

Hand Weapons
 a - a +0 sling
 d - a +0 dagger
 g - a +0 club (weapon)
Missiles
 c - 15 poisoned darts (quivered)
Armour
 f - a +0 robe (worn)
Wands
 b - a wand of iceblast (2)
Scrolls
 e - a scroll of identify


   Skills:
 * Level 0.3 Maces & Flails
 + Level 1.0 Ranged Weapons
 + Level 2.7 Throwing
 + Level 0.3 Dodging
 + Level 1.0 Stealth
 + Level 5.0 Evocations


You had one spell level left.
You didn't know any spells.
Your spell library was empty.

Dungeon Overview and Level Annotations

Branches:
Dungeon (1/15)


Innate Abilities, Weirdness & Mutations

You have an increased reservoir of magic. (+10% MP)
You shall have no god before yourself.
Your divine heritage dramatically boosts your attributes as you level up.


Message History

You see here a scroll of identify.
You hit the hobgoblin.
The hobgoblin is moderately wounded.
The hobgoblin closely misses you. The jackal barely misses you.
The hobgoblin barely misses you.
You closely miss the hobgoblin.
The hobgoblin is moderately wounded.
The jackal closely misses you. The jackal bites you. The hobgoblin hits you.
You hit the hobgoblin but do no damage.
The hobgoblin is moderately wounded.
The jackal bites you.
* * * LOW HITPOINT WARNING * * *
The hobgoblin hits you.
* * * LOW HITPOINT WARNING * * *
The jackal misses you.
You hit the hobgoblin.
You kill the hobgoblin!
The jackal closely misses you.
The jackal bites you but does no damage.
The jackal closely misses you.
Things that are here:
a hobgoblin corpse; a jackal corpse The jackal bites you but does no damage.
The jackal bites you.
* * * LOW HITPOINT WARNING * * *
The jackal barely misses you.
Things that are here:
a hobgoblin corpse; a jackal corpse You hit the jackal but do no damage.
The jackal misses you. The jackal bites you.
* * * LOW HITPOINT WARNING * * *
You barely miss the jackal. The jackal completely misses you.
The jackal barely misses you.
You hit the jackal.
The jackal is moderately wounded.
The jackal closely misses you. The jackal barely misses you.
You closely miss the jackal. The jackal bites you.
* * * LOW HITPOINT WARNING * * *
The jackal bites you.
You die...

#.# #..##.### #.#
#..# .#
#.#######..##.##
#........).#...#
#####.####.#...###
##. #..(....###
##... #..........
#.....##h....$.###
.......?@.........
#.....####........
##... #########
##. #


You could see a jackal.

Vanquished Creatures
  A dart slug (D:1)
  A ball python (D:1)
  An endoplasm (D:1)
  2 goblins (D:1)
  3 hobgoblins (D:1)
  A jackal (D:1)
  2 kobolds (D:1)
  A quokka (D:1)
  A bat (D:1)
  A rat (D:1)
14 creatures vanquished.

Notes
Turn   | Place    | Note
-------+----------+-------------------------------------------
     0 | D:1      | Mickster the Demigod Wanderer began the quest for the Orb.
     0 | D:1      | Mickster set off with the following items: a +0 sling, a
                  | wand of iceblast (2), 15 poisoned darts, a +0 dagger, a
                  | scroll of fear, a +0 robe.
     0 | D:1      | Reached XP level 1. HP: 14/14 MP: 3/3
   166 | D:1      | Reached XP level 2. HP: 7/20 MP: 4/4
   428 | D:1      | Reached skill level 5 in Evocations
   463 | D:1      | HP: 1/20 [jackal (2)]
   463 | D:1      | Slain by a jackal

Illustrated notes

Levels and vault maps discovered:
D:1:      minmay_arrival_stone_box, layout_loops_ring, serial_park_tiny_1

Skill      XL: |  1  2 |
---------------+-------+-----
Evocations     | 5 |  5.0
Maces & Flails | |  0.3
Ranged Weapons | |  1.0
Throwing       | |  2.7
Dodging        | |  0.3
Stealth        | |  1.0

Action                     || total
---------------------------++-------
  Melee: Club              ||    54
         Dagger            ||     4
  Throw: Dart              ||     4
    Use: Scroll            ||     2
 Armour: Robe              ||    15
  Dodge: Dodged            ||    75

Table legend: (Time is in decaauts)
 A = Elapsed time spent in this place.
 B = Non-inter-level travel time spent in this place.
 C = Inter-level travel time spent in this place.
 D = Time resting spent in this place.
 E = Time spent auto-exploring this place.
 F = Levels seen in this place.
 G = Mean time per level.
                   A        B        C        D        E       F      G
               +--------+--------+--------+--------+--------+-----+--------+
         Total |    477 |    477 |      0 |    151 |      0 |   1 |  477.0 |
       Dungeon |    477 |    477 |      0 |    151 |      0 |   1 |  477.0 |
               +--------+--------+--------+--------+--------+-----+--------+

Top non-repeatable levels by time:
     D:1: 477 daAuts
